cohdb
Replays
Latest Replays
All Replays
Popular Replays
Top Player Replays
Match Explorer
How It Works
Community
CoH3 Stats
Reddit
Sign in to upload your games and track your stats! →
Sign in with Steam
Match 41810497
Unlisted
Match 41810497
Overview
Messages
Build Orders
End
Kradschützen Motorcycle Team
Panzerpioneer Squad
Selects Battlefield Espionage Battlegroup
Panzerpioneer Squad
Panzerpioneer Squad
Panzerpioneer Squad
Construct Light Support Kompanie
Selects Intel Disruption Beacon
2.5-tonne Medical Truck
Fire Support Elements
Selects Transfer Depots
Flakvierling Half-track
MG34 Team
Pak 38 Mechanized Group
Selects 250/3 Funkpanzerwagen
Construct Panzerarmee Kommand
Kitsuné
Dumais
ko11
PlammX
0
0
Comments
sign in to comment!
No comments posted yet!